 Dungeon Crawl Stone Soup version 0.16-a0-3338-g714714c (webtiles) character file.

267115 Minkie the Bewitcher (level 19, -17/140 HPs)
             Began as a Vampire Enchanter on Dec 27, 2014.
             Was the Champion of Kikubaaqudgha.
             Demolished by a slime creature (20 damage)
             ... on level 5 of the Pits of Slime on Dec 28, 2014.
             The game lasted 06:25:31 (61554 turns).

Minkie the Bewitcher (Vampire Enchanter)           Turns: 61554, Time: 06:25:32

Health: -17/140    AC: -3    Str: 10    XL:     19   Next: 34%
Magic:  35/35      EV: 25    Int: 23    God:    Kikubaaqudgha [******]
Gold:   1536       SH: 18    Dex: 20    Spells: 7 memorised, 13 levels left

rFire  + . .     SeeInvis +     c - +9 quick blade (pain)
rCold  + + .     Clarity  .     P - +0 robe "Xatap" {rElec MR++ SInv Curse} (curse)
rNeg   + + +     SustAb   .     Q - +5 shield {reflect}
rPois  ∞         Gourm    .     j - +0 helmet
rElec  +         Spirit   .     D - +0 cloak
rCorr  +         Warding  .     w - +2 pair of gloves {Dex+3}
rMut   .         Stasis   .     C - +2 pair of boots of Shrugolal {rF+ MR+ Str+3 Dex+3}
MR     +++++                    Y - amulet of resist corrosion
Stlth  +++++.....               E - ring of protection from magic
                                W - ring of wizardry

@: corroded equipment, very slightly contaminated, bloodless, non-regenerating,
invisible, almost entirely resistant to hostile enchantments, quite stealthy
A: bottle blood, fangs 3, see invisible, unbreathing
a: Bat Form, Receive Corpses, Torment, Renounce Religion
}: 2/15 runes: barnacled, gossamer


You were on level 5 of the Pits of Slime.
You worshipped Kikubaaqudgha.
Kikubaaqudgha was exalted by your worship.
You were bloodless.

You visited 9 branches of the dungeon, and saw 47 of its levels.
You also visited: Labyrinth, Ossuary and Ice Cave.

You collected 3569 gold pieces.
You spent 2033 gold pieces at shops.

Inventory:

Hand weapons
 c - a +9 quick blade of pain (weapon)
Missiles
 K - 29 tomahawks (quivered)
Armour
 j - a +0 helmet (worn)
 w - a +2 pair of gloves of dexterity (worn)
 C - the +2 pair of boots of Shrugolal (worn) {rF+ MR+ Str+3 Dex+3}
   (You found it on level 11 of the Dungeon)

   It affects your strength (+3).
   It affects your dexterity (+3).
   It protects you from fire.
   It affects your resistance to hostile enchantments.
 D - a +0 cloak (worn)
 P - the cursed +0 robe "Xatap" (worn) {rElec MR++ SInv Curse}
   (You found it on level 3 of the Spider Nest)

   It insulates you from electricity.
   It affects your resistance to hostile enchantments.
   It enhances your eyesight.
   It may recurse itself when equipped.
   It has a curse placed upon it.
 Q - a +5 shield of reflection (worn)
Rods
 U - a +7 rod of ignition (11/11)
   (You found it in a labyrinth)
Jewellery
 E - a ring of protection from magic (right hand)
 W - a ring of wizardry (left hand)
 Y - an amulet of resist corrosion (around neck)
Magical devices
 n - a wand of digging (18)
 N - a wand of teleportation (8)
Scrolls
 a - 3 scrolls of summoning
 f - 15 scrolls of remove curse
 g - 7 scrolls of recharging
 q - 4 scrolls of fog
 u - 10 scrolls of teleportation
 y - 3 scrolls of fear
 z - a scroll of blinking
 H - a scroll of enchant armour
 J - 5 scrolls of identify
 M - a scroll of magic mapping
Potions
 b - a potion of resistance
 h - 3 potions of might
 i - 2 potions of haste
 o - 8 potions of brilliance
 r - 3 potions of cure mutation
 s - 2 potions of cancellation
 t - 13 potions of curing
 v - 6 potions of restore abilities
 A - 4 potions of agility
 B - 5 potions of heal wounds
 L - 6 potions of magic
Books
 R - Sif Muna's Reference Book on the Quantum Snowflakes
   (You bought it in a shop on level 9 of the Dungeon)

   Spells                             Type                      Level
   a - Ensorcelled Hibernation        Hexes/Ice                    2
   b - Recall                         Summoning/Translocation      3
   c - Teleport Other                 Translocation                3
   d - Freezing Cloud                 Conjuration/Ice/Air          6
   e - Ozocubu's Refrigeration        Ice                          6


   Skills:
 - Level 10.0 Fighting
 - Level 12.3 Short Blades
 - Level 5.0 Armour
 * Level 13.7 Dodging
 - Level 8.0 Stealth
 - Level 15.0 Shields
 - Level 10.4 Spellcasting
 - Level 16.6 Hexes
 - Level 2.0 Summonings
 + Level 15.5 Necromancy
 - Level 3.0 Translocations
 + Level 2.6 Ice Magic
 - Level 10.0 Evocations


You had 13 spell levels left.
You knew the following spells:

 Your Spells              Type           Power        Failure   Level  Hunger
a - Animate Dead          Necr           N/A          1%          4    #......
b - Ensorcelled Hibernat  Hex/Ice        ######       1%          2    None
c - Confuse               Hex            ######..     1%          3    None
d - Animate Skeleton      Necr           N/A          0%          1    None
e - Recall                Summ/Tloc      N/A          3%          3    None
f - Invisibility          Hex            ######..     1%          6    ######.
g - Ozocubu's Refrigerat  Ice            ###.......   95%         6    ######.


Dungeon Overview and Level Annotations

Branches:
Dungeon (15/15)            Temple (1/1) D:5            Lair (8/8) D:8
 Shoals (5/5) Lair:3       Spider (5/5) Lair:3        Slime (6/6) Lair:8
    Orc (4/4) D:10            Elf (0/3) Orc:3        Vaults (2/5) D:14
 Depths (1/5) D:15
  Crypt: Vaults:2-3

Altars:
Ashenzari
Cheibriados
Dithmenos
Elyvilon
Fedhas
Gozag
Kikubaaqudgha
Makhleb
Nemelex Xobeh
Okawaru
Qazlal
Ru
Sif Muna
Trog
Vehumet
Xom
Yredelemnul
Zin
The Shining One
Beogh
Jiyva

Shops:
D:9 *:%:   D:11 *(:(   Orc:4 %[(:}   Shoals:3 ?   Vaults:1 :

Annotations:
Lair:7 runed door


Innate Abilities, Weirdness & Mutations

You do not heal naturally.
You can bottle blood from corpses.
You have razor-sharp teeth.
You have supernaturally acute eyesight.
You can survive without breathing.


Message History

There is a stone staircase leading up here.
The acid blob spits acid at you. The splash of acid misses you.
The acid blob misses you.
You climb upwards.
You block the azure jelly's attack. The azure jelly completely misses you.
The azure jelly misses you. The azure jelly barely misses you.
There is a stone staircase leading down here.
The acid blob spits acid at you. The splash of acid misses you.
The slime creature quivers.
There is a stone staircase leading up here.
The azure jelly hits you!
* * * LOW HITPOINT WARNING * * *
The azure jelly freezes you! You resist.
* * * LOW HITPOINT WARNING * * *
The azure jelly barely misses you. The azure jelly hits you.
* * * LOW HITPOINT WARNING * * *
The azure jelly misses you. The slime creature hits you!!
You die...
Kikubaaqudgha rasps: "You have failed me!
Welcome... oblivion!"

# ##### ########
##.#...###....#.##.
#.......#..........
##..#....#........#
#......<...JJ....J###
##.......<..@...>.J..
###.......J.........
#.........J.......
..........#........
.#..............#.#
##............##
#............#
.J...##...... .J.##
...


You could see an acid blob, an azure jelly and 4 slime creatures.

Vanquished Creatures
  Norris (Spider:3)
  Saint Roka (Vaults:1)
  A kraken (Shoals:1)
  Rupert (Spider:5)
  2 tengu reavers
  3 sphinxes
  Ilsuiw (Shoals:5)
  Wiglaf (Spider:5)
  4 vault wardens
  4 ghost moths
  7 emperor scorpions
  6 ironheart preservers
  Jorgrun (Spider:5)
  A very ugly thing (Depths:1)
  4 stone giants
  A vampire knight (Depths:1)
  2 dire elephants (Depths:1)
  The ghost of chequers the Peltast, a powerful GrFi of Makhleb (Lair:7)
  A merfolk javelineer (Shoals:5)
  5 vault guards
  Snorg (Spider:5)
  A minotaur (Lab)
  A fire dragon (Depths:1)
  6 merfolk impalers
  8 hydras
  3 great orbs of eyes
  Fannar (D:10)
  3 yaktaur captains
  2 ice dragons (Vaults:1)
  Harold (Orc:4)
  5 ogre magi
  An alligator snapping turtle (Shoals:5)
  3 satyrs
  4 merfolk aquamancers
  6 centaur warriors
  3 tengu warriors
  7 death yaks
  4 deep troll shamans
  6 orc high priests (Orc:4)
  A deep troll earth mage (Vaults:1)
  Urug (D:11)
  A catoblepas (D:14)
  Nergalle (Lair:6)
  Erolcha (Orc:4)
  An ice devil (IceCv)
  5 hell knights (Depths:1)
  An iron troll (Depths:1)
  4 skeletal warriors (Vaults:1)
  A deep elf knight (Vaults:1)
  5 sea snakes
  11 deep trolls
  A fire drake (shapeshifter) (Vaults:2)
  2 unseen horrors (D:12)
  10 ironbrand convokers
  A wizard (Vaults:2)
  A lindwurm (shapeshifter) (Vaults:2)
  An ice statue (IceCv)
  4 hill giants
  A wolf spider zombie (D:13)
  25 wolf spiders
  7 orc knights
  A shining eye (Slime:1)
  2 necromancers
  14 ugly things
  A salamander (shapeshifter) (Vaults:2)
  14 orb spiders
  A water nymph (Shoals:2)
  10 griffons
  10 fauns
  11 cyclopes
  A faun (shapeshifter) (Vaults:2)
  5 sirens
  An orc sorcerer (Vaults:1)
  3 harpies (Shoals:5)
  A moth of wrath (Spider:4)
  7 red wasps (Spider:5)
  6 manticores
  5 vault sentinels
  18 elephants
  A black mamba (shapeshifter) (Vaults:2)
  A queen ant (Spider:5)
  2 eyes of devastation (Slime:2)
  2 torpor snails
  A death yak zombie (Depths:1)
  2 centaur skeletons
  9 komodo dragons
  2 yaktaurs (shapeshifter)
  22 yaktaurs
  A gargoyle (D:15)
  15 spiny frogs
  3 fire drakes
  7 demonic crawlers
  A redback zombie (Spider:5)
  3 freezing wraiths
  7 trolls
  A harpy zombie (D:15)
  A tengu conjurer (D:13)
  2 wind drakes (Shoals:5)
  10 merfolk
  A jumping spider (shapeshifter) (Vaults:2)
  8 two-headed ogres
  A demonic crawler zombie (Spider:5)
  27 slime creatures
  4 ravens
  A boulder beetle (Vaults:1)
  8 snapping turtles
  16 jumping spiders
  A blink frog (shapeshifter) (Vaults:2)
  4 trapdoor spider zombies
  A fire giant simulacrum (Vaults:1)
  10 trapdoor spiders
  A tarantella zombie (Spider:5)
  6 basilisks
  17 redbacks
  3 wraiths
  14 tarantellas
  11 blink frogs
  2 water elementals
  5 hippogriffs
  14 yaks
  A spriggan (shapeshifter) (D:13)
  A shadow (D:15)
  A hog (shapeshifter) (Vaults:2)
  Eustachio (Orc:1)
  2 wyverns
  Grum (D:8)
  A deep elf mage (D:15)
  A hungry ghost (D:14)
  13 vampire mosquitoes
  10 wolves
  6 soldier ants
  A mottled dragon (Vaults:1)
  7 porcupines
  8 wargs
  29 orc warriors
  15 water moccasins
  6 yellow wasps
  4 phantoms
  4 black bears
  4 eyes of draining
  A necrophage (D:10)
  22 spiders
  6 sky beasts
  30 ogres
  3 boring beetles
  An orc skeleton (Vaults:1)
  30 centaurs
  11 crocodiles
  Duvessa (D:8)
  2 yaktaur zombies
  6 big kobolds
  A brain worm (shapeshifter) (Depths:1)
  An elf zombie (Ossuary)
  23 giant frogs
  A glowing shapeshifter simulacrum (Vaults:1)
  7 jellies
  An orc simulacrum (Vaults:2)
  13 killer bees
  6 scorpions
  6 electric eels
  Dowan (D:8)
  2 quasits
  5 centaur zombies
  4 crimson imps
  3 giant frog zombies
  2 human zombies
  5 iguanas
  4 wights (D:15)
  4 goliath beetles
  11 hounds
  40 orc priests
  A yellow wasp zombie (Spider:5)
  35 orc wizards
  3 giant frog skeletons
  2 gnoll shamans (D:10)
  A porcupine zombie (Lair:3)
  15 worker ants
  14 sheep
  2 crocodile zombies
  2 big kobold zombies (Ossuary)
  A hound zombie (Ossuary)
  A hound skeleton (D:10)
  4 mummies
  14 gnolls
  A worker ant zombie (D:9)
  16 adders
  20 river rats
  3 giant mites
  2 shadow imps
  2 worms
  5 adder zombies (Ossuary)
  An adder skeleton (D:7)
  4 oozes
  170 orcs
  A ball python (D:1)
  16 bats
  4 giant cockroaches
  19 hobgoblins
  11 quokkas
  10 giant geckos
  A giant gecko skeleton (D:7)
  A giant gecko zombie (D:5)
  5 giant newts
  2 gnoll zombies (Ossuary)
  27 goblins
  4 goblin zombies (Ossuary)
  3 hobgoblin zombies (Ossuary)
  8 jackals
  4 jackal zombies (Ossuary)
  17 kobolds
  A kobold zombie (Ossuary)
  3 quokka zombies
  13 rats
  6 rat zombies (Ossuary)
  A river rat zombie (Lair:3)
  3 fungi
  2 plants
1409 creatures vanquished.

Vanquished Creatures (collateral kills)
  Agnes (Lair:3)
  Roxanne (D:14)
  A stone giant (D:12)
  A merfolk javelineer (Shoals:5)
  A vault guard (D:14)
  A yaktaur captain (D:15)
  2 merfolk impalers (Shoals:5)
  An ice dragon (Depths:1)
  2 hydras (Lair:6)
  Erica (Lair:6)
  3 centaur warriors
  A spriggan berserker (Depths:1)
  A deep troll earth mage (Depths:1)
  10 death yaks
  An orc high priest (Orc:4)
  A catoblepas (Lair:6)
  3 skeletal warriors (Vaults:1)
  An iron troll (Depths:1)
  5 deep trolls (Depths:1)
  An orc knight (Orc:4)
  25 wolf spiders
  3 orb spiders
  A red wasp (Spider:5)
  A moth of wrath (Spider:5)
  3 ugly things (Depths:1)
  A manticore (Shoals:5)
  3 cyclopes
  4 slime creatures
  A griffon (Lair:8)
  9 elephants (Lair:4)
  2 black mambas
  4 torpor snails
  9 spiny frogs
  A komodo dragon (Lair:8)
  6 demonic crawlers
  A centaur skeleton (D:15)
  A fire drake (Lair:6)
  3 orc warriors
  3 merfolk
  2 yaktaurs
  A blue devil (Shoals:3)
  A polar bear (Lair:4)
  2 two-headed ogres
  5 blink frogs (Lair:8)
  8 jumping spiders
  A giant leech (Lair:8)
  A boulder beetle (Vaults:1)
  2 trapdoor spider zombies
  A fire giant simulacrum (Vaults:1)
  A basilisk (Lair:1)
  2 water elementals
  8 trapdoor spiders
  17 redbacks
  11 tarantellas
  A shadow (D:14)
  4 hippogriffs
  6 yaks
  2 vampire mosquitoes
  A hungry ghost (D:10)
  A deep elf mage (D:15)
  3 wolves (Lair:4)
  6 water moccasins
  A warg (Orc:4)
  6 porcupines
  2 sky beasts
  An eye of draining (Slime:2)
  2 crocodiles
  10 spiders
  2 ogres (Vaults:1)
  A boring beetle (Lair:8)
  5 centaurs
  2 electric eels
  11 giant frogs
  3 human skeletons (Vaults:1)
  3 scorpions
  A killer bee (D:13)
  A wight (D:15)
  5 hounds
  An orc priest (Vaults:1)
  3 iguanas
  A jelly (D:10)
  A worker ant (Spider:5)
  2 orc wizards (Orc:4)
  12 sheep
  3 adders
  35 river rats
  A worm (shapeshifter) (Vaults:1)
  An adder zombie (D:9)
  29 orcs
  A goblin (Orc:2)
  A hobgoblin (Orc:3)
  3 kobolds (D:14)
  3 quokkas
  12 fungi
  8 plants
380 creatures vanquished.

Vanquished Creatures (others)
  A merfolk javelineer (Shoals:5)
  A ghost moth zombie (Spider:4)
  2 ugly thing zombies
  16 wolf spider zombies
  A sea snake zombie (Shoals:5)
  5 merfolk zombies
  3 death yak zombies (Depths:1)
  An iron troll zombie (Depths:1)
  3 yaktaurs (Vaults:2)
  11 redback zombies
  A harpy zombie (Shoals:5)
  A demonic crawler zombie (Spider:5)
  6 tarantella zombies
  6 jumping spider zombies
  2 red wasp zombies (Spider:5)
  5 trapdoor spider zombies
  3 griffon zombies
  A black mamba zombie (Lair:3)
  A redback (Spider:5)
  A hill giant zombie (D:14)
  8 human zombies
  4 deep troll zombies
  2 faun zombies (Shoals:3)
  2 orb spider zombies (Spider:1)
  9 spiny frog zombies
  An ice beast (D:8)
  A centaur (D:13)
  An elephant zombie (Lair:4)
  A manticore zombie (Shoals:5)
  5 blink frog zombies
  2 snapping turtle zombies (Shoals:5)
  A swamp dragon zombie (Slime:2)
  An ogre (Vaults:1)
  A crocodile (Lair:8)
  10 yaktaur zombies
  7 vampire mosquito zombies
  A wyvern zombie (D:14)
  10 spider zombies
  2 cyclops zombies
  5 warg zombies (Orc:4)
  A troll zombie (D:14)
  3 water moccasin zombies
  2 hippogriff zombies
  A warg skeleton (Orc:4)
  3 yak zombies
  3 yellow wasp zombies
  2 wolf zombies (Lair:4)
  A jelly (Slime:2)
  16 centaur zombies
  3 soldier ant zombies (Spider:5)
  An elf zombie (D:15)
  5 giant frog zombies
  A killer bee zombie (D:14)
  A mottled dragon zombie (Vaults:1)
  A sky beast zombie (D:13)
  5 ogre zombies
  A worker ant zombie (Spider:5)
  A scorpion zombie (Spider:5)
  5 sheep zombies
  2 electric eel zombies (Lair:8)
  An iguana skeleton (D:12)
  2 river rat skeletons (Lair:4)
  7 gnoll zombies (D:10)
  A kobold (D:14)
  5 kobold zombies (D:14)
  2 orc skeletons (Orc:4)
  49 orc zombies
  A quokka skeleton (Lair:3)
  A quokka zombie (Lair:5)
  4 river rat zombies
  19 fungi
  7 plants
  14 tentacles
  546 tentacle segments
862 creatures vanquished.

Grand Total: 2651 creatures vanquished

Notes
Turn   | Place    | Note
--------------------------------------------------------------
     0 | D:1      | Minkie, the Vampire Enchanter, began the quest for the Orb.
     0 | D:1      | Reached XP level 1. HP: 13/13 MP: 3/3
   826 | D:1      | Reached XP level 2. HP: 19/19 MP: 4/4
   836 | D:1      | Learned a level 2 spell: Ensorcelled Hibernation
  1055 | D:1      | Reached skill level 5 in Stealth
  1521 | D:1      | Reached XP level 3. HP: 24/24 MP: 0/6
  2054 | D:2      | Reached skill level 5 in Hexes
  2807 | D:3      | Reached XP level 4. HP: 26/30 MP: 7/7
  3637 | D:3      | Reached skill level 6 in Stealth
  3637 | D:3      | Reached XP level 5. HP: 33/35 MP: 1/9
  3708 | D:3      | Learned a level 3 spell: Confuse
  4737 | D:4      | Found a shimmering altar of Xom.
  4739 | D:4      | Found a glowing silver altar of Zin.
  4740 | D:4      | Found a shadowy altar of Dithmenos.
  4741 | D:4      | Found a shattered altar of Ashenzari.
  4742 | D:4      | Found an iron altar of Okawaru.
  4744 | D:4      | Found a stormy altar of Qazlal.
  5467 | D:4      | Found a deep blue altar of Sif Muna.
  5616 | D:5      | Entered Level 5 of the Dungeon
  5616 | D:5      | Found a staircase to the Ecumenical Temple.
  5623 | Temple   | Entered the Ecumenical Temple
  5737 | Temple   | Became a worshipper of Kikubaaqudgha
  6027 | D:5      | Reached XP level 6. HP: 41/41 MP: 10/10
  6107 | D:5      | Found a sparkling altar of Nemelex Xobeh.
  6239 | D:5      | Reached skill level 1 in Necromancy
  6249 | D:5      | Reached skill level 5 in Short Blades
  6525 | D:5      | Noticed a phantom
  6596 | D:5      | Killed a phantom
  6596 | D:5      | Reached skill level 7 in Stealth
  7149 | D:5      | Reached XP level 7. HP: 46/46 MP: 9/12
  7258 | D:5      | Identified Cigotuvi's Compendium of Sinister Magic
  7796 | D:6      | Acquired Kikubaaqudgha's first power
  7796 | D:6      | Received a gift from Kikubaaqudgha
  7799 | D:6      | Identified Kikubaaqudgha's Catalogue of Darkness (Kikubaaqudgha gifted it to you on level 6 of the Dungeon)
  7826 | D:6      | Identified a +1 rod of the swarm (14/14) (You found it on level 6 of the Dungeon)
  7932 | D:6      | Reached skill level 1 in Shields
  8048 | D:6      | Reached skill level 8 in Stealth
  8048 | D:6      | Reached XP level 8. HP: 52/52 MP: 4/13
  9185 | D:7      | Noticed a two-headed ogre
  9204 | D:7      | Killed a two-headed ogre
  9683 | D:7      | Reached skill level 9 in Hexes
 10058 | D:7      | Reached XP level 9. HP: 57/57 MP: 11/14
 10095 | D:7      | Acquired Kikubaaqudgha's second power
 10339 | D:8      | Noticed Dowan
 10347 | D:8      | Noticed Duvessa
 10354 | D:8      | Killed Duvessa
 10356 | D:8      | Killed Dowan
 10439 | D:8      | Reached skill level 10 in Hexes
 10459 | D:8      | Noticed Grum
 10661 | D:8      | Found a staircase to the Lair.
 10738 | D:8      | Reached skill level 10 in Short Blades
 10859 | D:8      | Found a sand-covered staircase.
 10866 | Ossuary  | Entered an ossuary
 11927 | D:8      | Killed Grum
 11927 | D:8      | Reached skill level 5 in Shields
 12379 | D:8      | Reached XP level 10. HP: 64/64 MP: 16/16
 12420 | Lair:1   | Entered Level 1 of the Lair of Beasts
 12472 | D:9      | Reached skill level 1 in Fighting
 12658 | D:9      | Reached skill level 1 in Armour
 12692 | D:9      | Received a gift from Kikubaaqudgha
 12695 | D:9      | Identified Kikubaaqudgha's Collected Works on Sinister Magic (Kikubaaqudgha gifted it to you on level 9 of the Dungeon)
 12701 | D:9      | Learned a level 4 spell: Animate Dead
 12912 | D:9      | Found Pliushre's Book Shoppe.
 12917 | D:9      | Found Tomoutel's Assorted Antiques.
 12932 | D:9      | Bought a jewelled leather armour for 182 gold pieces
 12942 | D:9      | Identified the +3 leather armour "Tethoud" {rC+ rCorr} (You bought it in a shop on level 9 of the Dungeon)
 13291 | D:9      | Reached skill level 11 in Hexes
 13582 | D:9      | Found Seegane's Food Shop.
 13686 | D:9      | Found Yminuxta's Book Emporium.
 13885 | D:10     | Entered Level 10 of the Dungeon
 14252 | D:10     | Reached skill level 5 in Necromancy
 14380 | D:10     | Acquired Kikubaaqudgha's third power
 14578 | D:10     | Found a staircase to the Orcish Mines.
 14588 | D:10     | Got a scintillating bronze ring
 14590 | D:10     | Identified the ring "Kozxur" {Ice +Rage} (You found it on level 10 of the Dungeon)
 14596 | D:10     | Noticed Fannar
 14622 | D:10     | Killed Fannar
 14622 | D:10     | Reached skill level 5 in Dodging
 14808 | D:10     | Reached XP level 11. HP: 76/76 MP: 7/17
 15838 | D:11     | Found Pnal Kle's Book Boutique.
 15864 | D:11     | Noticed a hill giant
 15866 | D:11     | Noticed a hill giant
 15869 | D:11     | Killed a hill giant
 15874 | D:11     | Killed a hill giant
 16000 | D:11     | Found Saipliha's Assorted Antiques.
 16052 | D:11     | Found Jeodag Goa's Weapon Boutique.
 16209 | D:11     | Got a pair of bloodstained boots
 16215 | D:11     | Identified the +2 pair of boots of Shrugolal {rF+ MR+ Str+3 Dex+3} (You found it on level 11 of the Dungeon)
 16256 | D:11     | You fall through a shaft for 2 floors!
 16298 | D:13     | Reached skill level 5 in Fighting
 16423 | D:13     | Noticed a tengu warrior
 16489 | D:13     | Killed a tengu warrior
 16630 | D:13     | Reached skill level 5 in Armour
 17263 | D:13     | Acquired Kikubaaqudgha's fourth power
 17716 | D:13     | Reached XP level 12. HP: 87/87 MP: 10/18
 18240 | D:12     | Found a labyrinth entrance.
 18313 | Lab      | Entered a labyrinth
 18562 | Lab      | Noticed a minotaur
 18571 | Lab      | Killed a minotaur
 18614 | Lab      | Identified the Tome of Floating Augmentations
 18628 | Lab      | Identified a +7 rod of ignition (11/11) (You found it in a labyrinth)
 19174 | Lair:1   | Noticed an eight-headed hydra
 19190 | Lair:1   | Reached skill level 1 in Evocations
 19197 | Lair:1   | Killed an eight-headed hydra
 20009 | Lair:2   | Identified a scroll of acquirement
 20531 | Lair:2   | Learned a level 1 spell: Animate Skeleton
 21513 | Lair:3   | Found a staircase to the Shoals.
 21651 | Lair:3   | Found a hole to the Spider Nest.
 21658 | Lair:3   | Reached XP level 13. HP: 46/96 MP: 15/19
 21985 | Spider:1 | Entered Level 1 of the Spider Nest
 22616 | Spider:1 | Noticed Agnes
 22652 | Spider:1 | HP: 3/98 [Agnes/lajatang of protection (18)]
 23624 | Lair:4   | Reached skill level 10 in Necromancy
 24000 | Lair:4   | Reached skill level 10 in Shields
 25078 | Lair:4   | Reached skill level 5 in Evocations
 25994 | Lair:5   | Identified the Collected Works on Confrontation
 26848 | Lair:6   | Reached XP level 14. HP: 108/108 MP: 23/23
 27274 | Lair:6   | Noticed Nergalle
 27293 | Lair:6   | Killed Nergalle
 27797 | Lair:6   | Noticed Erica
 27807 | Lair:6   | Killed Erica
 28455 | Temple   | Identified a +5 quick blade of pain (a +3 quick blade bloodied by Kikubaaqudgha)
 28926 | Lair:7   | Found a runed door.
 28933 | Lair:7   | Noticed chequers' ghost (powerful GrFi)
 28966 | Lair:7   | Killed chequers' ghost
 29551 | Lair:8   | Entered Level 8 of the Lair of Beasts
 30481 | Lair:8   | Found a viscous altar of Jiyva.
 30482 | Lair:8   | Found a staircase to the Slime Pits.
 30609 | Lair:8   | Reached skill level 12 in Shields
 31368 | D:9      | Bought Sif Muna's Reference Book on the Quantum Snowflakes for 876 gold pieces
 31372 | D:9      | Learned a level 3 spell: Recall
 31566 | Orc:1    | Entered Level 1 of the Orcish Mines
 31771 | Orc:1    | Found Klyiz's Quality Used Wands.
 31805 | Orc:1    | Noticed Eustachio
 31815 | Orc:1    | Killed Eustachio
 32235 | Orc:2    | Found a roughly hewn altar of Beogh.
 32368 | Orc:3    | Found a staircase to the Elven Halls.
 33186 | Orc:4    | Entered Level 4 of the Orcish Mines
 33744 | Orc:4    | Noticed Erolcha
 33768 | Orc:4    | Killed Erolcha
 33938 | Orc:4    | Found Jiaworui's Food Shop.
 33994 | Orc:4    | Reached skill level 10 in Fighting
 34076 | Orc:4    | Noticed Harold
 34089 | Orc:4    | Killed Harold
 34163 | Orc:4    | Reached skill level 1 in Translocations
 34307 | Orc:4    | Reached skill level 1 in Summonings
 34307 | Orc:4    | Reached XP level 15. HP: 115/115 MP: 17/26
 34353 | Orc:4    | Found Gitat's Antique Weapon Emporium.
 34353 | Orc:4    | Found Ciaze's Antique Armour Boutique.
 34469 | Orc:4    | Found a roughly hewn altar of Beogh.
 34479 | Orc:4    | Found Sehih's Gadget Emporium.
 34479 | Orc:4    | Found Khujoemy's Book Boutique.
 34538 | Orc:4    | Reached skill level 1 in Ice Magic
 35126 | D:11     | Bought a book of Burglary for 975 gold pieces
 35133 | D:11     | Learned a level 6 spell: Invisibility
 35304 | D:11     | Found Feadda's Weapon Boutique.
 35332 | D:11     | Noticed Urug
 35343 | D:11     | Killed Urug
 35881 | D:12     | Noticed a stone giant
 36045 | D:12     | Killed a stone giant
 36965 | D:14     | Noticed Roxanne
 37029 | D:14     | Killed Roxanne
 37035 | D:14     | Identified Roxanne's Almanac of the Rocks (You took it off Roxanne on level 14 of the Dungeon)
 37495 | D:14     | Found a gate to the Vaults.
 37756 | D:14     | Reached skill level 13 in Shields
 37817 | D:15     | Entered Level 15 of the Dungeon
 38188 | D:15     | Found a sacrificial altar of Ru.
 38456 | D:15     | Found a staircase to the Depths.
 38622 | Depths:1 | Entered Level 1 of the Depths
 38730 | Depths:1 | Reached skill level 5 in Spellcasting
 39818 | Depths:1 | Reached XP level 16. HP: 122/122 MP: 16/28
 39840 | Depths:1 | Reached skill level 14 in Shields
 40521 | Lair:3   | Killed Agnes
 41914 | Spider:1 | Noticed an emperor scorpion
 41922 | Spider:1 | Killed an emperor scorpion
 42158 | Spider:1 | Reached skill level 10 in Evocations
 43173 | Spider:2 | Upgraded the game from 0.16-a0-3329-g1e0feaa to 0.16-a0-3331-gc2320d7
 43870 | Spider:3 | Got a translucent dagger
 43871 | Spider:3 | Identified the cursed +0 dagger "Qiuwiet" {venom, rF++} (You found it on level 3 of the Spider Nest)
 43879 | Spider:3 | Got an opalescent robe
 43890 | Spider:3 | Identified the cursed +0 robe "Xatap" {rElec MR++ SInv Curse} (You found it on level 3 of the Spider Nest)
 44193 | Shoals:1 | Entered Level 1 of the Shoals
 44801 | Depths:1 | Reached skill level 15 in Shields
 45993 | Spider:3 | Noticed Norris
 46015 | Spider:3 | Killed Norris
 47761 | Spider:4 | Upgraded the game from 0.16-a0-3331-gc2320d7 to 0.16-a0-3334-g5a2be74
 47922 | Spider:4 | Got a flickering zirconium amulet
 47924 | Spider:4 | Identified the amulet "Vauvo" {Gourm Str+2 Slay-3} (You found it on level 4 of the Spider Nest)
 48094 | Spider:4 | Upgraded the game from 0.16-a0-3334-g5a2be74 to 0.16-a0-3335-g8eee04a
 48699 | Spider:5 | Entered Level 5 of the Spider Nest
 48880 | Spider:5 | Noticed Jorgrun
 48891 | Spider:5 | Killed Jorgrun
 48910 | Spider:5 | Noticed Snorg
 48916 | Spider:5 | Killed Snorg
 48916 | Spider:5 | Reached XP level 17. HP: 119/128 MP: 19/32
 49880 | Spider:5 | Noticed Wiglaf
 49889 | Spider:5 | Killed Wiglaf
 49895 | Spider:5 | Noticed Rupert
 49908 | Spider:5 | Killed Rupert
 51198 | Spider:5 | Got a gossamer rune of Zot
 51941 | Vaults:1 | Entered Level 1 of the Vaults
 52430 | Vaults:1 | Noticed Saint Roka
 52462 | Vaults:1 | Killed Saint Roka
 52962 | Vaults:1 | Found Gotwablo's Book Shop.
 53550 | Vaults:1 | Got a dazzling blowgun
 53626 | Vaults:1 | Reached XP level 18. HP: 134/134 MP: 24/34
 53730 | Vaults:1 | Reached skill level 10 in Spellcasting
 54747 | Vaults:2 | Reached skill level 15 in Hexes
 54920 | Vaults:2 | Reached skill level 10 in Dodging
 55231 | Vaults:2 | Got a slimy leather armour
 55232 | Vaults:2 | Identified the cursed -4 leather armour of Beogh's Scorn {+Blink rN+ rCorr} (You found it on level 2 of the Vaults)
 56233 | Vaults:2 | Upgraded the game from 0.16-a0-3335-g8eee04a to 0.16-a0-3338-g714714c
 56570 | Lair:1   | Identified the +4 blowgun "Ijurocav" {speed, rElec rF+} (You found it on level 1 of the Vaults)
 57202 | Shoals:2 | Got a scorched buckler
 57213 | Shoals:2 | Identified the -5 buckler of Gaohir {Str+1 Int-4} (You found it on level 2 of the Shoals)
 57368 | Shoals:3 | Reached skill level 16 in Hexes
 57442 | Shoals:3 | Found a frozen archway.
 57456 | Shoals:3 | Reached skill level 15 in Necromancy
 57460 | Shoals:3 | Found Bonuwk's Magic Scroll Shoppe.
 57501 | IceCv    | Entered an ice cave
 58140 | Shoals:5 | Entered Level 5 of the Shoals
 58490 | Shoals:5 | Reached XP level 19. HP: 140/140 MP: 32/35
 59172 | Shoals:5 | Noticed Ilsuiw
 59218 | Shoals:5 | Killed Ilsuiw
 59282 | Shoals:5 | Got a barnacled rune of Zot
 60135 | Lair:1   | Learned a level 6 spell: Ozocubu's Refrigeration
 60398 | Slime:1  | Entered Level 1 of the Pits of Slime
 61529 | Slime:6  | Entered Level 6 of the Pits of Slime
 61554 | Slime:5  | HP: 3/140 [azure jelly (5)]
 61554 | Slime:5  | Demolished by a slime creature

Action                   |  1- 3 |  4- 6 |  7- 9 | 10-12 | 13-15 | 16-18 | 19-21 || total
-------------------------+-------+-------+-------+-------+-------+-------+-------++-------
Melee: Dagger            |   176 |   133 |   375 |   680 |   535 |     2 |       ||  1901
       Quick blade       |       |       |       |       |  1047 |  1312 |   236 ||  2595
       Unarmed           |       |       |       |       |       |     1 |       ||     1
Throw: Tomahawk          |       |       |       |       |       |     1 |       ||     1
 Cast: Ensorcelled Hiber |    12 |    41 |    90 |   143 |   190 |    29 |     7 ||   512
       Corona            |     1 |     2 |       |       |       |       |       ||     3
       Confuse           |       |     7 |    22 |    51 |   122 |   305 |    19 ||   526
       Animate Dead      |       |       |       |    46 |   113 |   105 |    11 ||   275
       Animate Skeleton  |       |       |       |     1 |       |       |       ||     1
       Invisibility      |       |       |       |       |     7 |    28 |     8 ||    43
       Recall            |       |       |       |       |     2 |    10 |       ||    12
Invok: Receive Corpses   |       |       |       |       |       |    14 |     2 ||    16
 Abil: End Transformatio |       |       |       |       |       |     4 |     2 ||     6
       Bat Form          |       |       |       |       |       |     4 |     2 ||     6
  Use: Potion            |       |     3 |     1 |     4 |     9 |     7 |     3 ||    27
       Scroll            |       |       |     4 |    25 |     9 |    15 |     3 ||    56
 Stab: Sleeping          |    18 |    34 |    70 |   117 |   147 |    89 |     9 ||   484
       Confused          |       |     2 |    11 |    32 |    56 |   147 |     7 ||   255
       Distracted        |       |       |     1 |     6 |    23 |     7 |     1 ||    38
       Invisible         |       |       |       |     3 |    27 |   100 |    33 ||   163
       Held in net/web   |       |       |       |       |       |     1 |       ||     1
  Eat: Corpse            |       |     1 |     1 |       |     2 |     1 |     1 ||     6
